 Dungeon Crawl Stone Soup version 0.29.1-1-gd02db6906a (webtiles) character file.

Game seed: 10719418302304482229

128 Colgate the Trooper (level 5, -3/46 HPs)
             Began as a Formicid Hunter on Sept 27, 2022.
             Was a Follower of Vehumet.
             Slain by a gnoll
             ... wielding a +0 spear
              (6 damage)
             ... on level 4 of the Dungeon.
             The game lasted 00:05:55 (2044 turns).

Colgate the Trooper (Formicid Hunter)               Turns: 2044, Time: 00:05:56

Health: -3/46      AC:  3    Str: 15    XL:     5   Next: 34%
Magic:  5/5        EV: 12    Int:  9    God:    Vehumet [*.....]
Gold:   178        SH:  0    Dex: 19    Spells: 4/4 levels left

rFire   + . .      SeeInvis +   b - +4 war axe (venom)
rCold   . . .      Faith    .   (no shield)
rNeg    . . .      Spirit   .   c - +0 leather armour
rPois   .          Reflect  .   (helmet unavailable)
rElec   .          Harm     .   (no cloak)
rCorr   .          Rampage  .   (no gloves)
Will    .....                   (no boots)
Stlth   ++........              (no amulet)
HPRegen 0.15/turn               g - ring of protection from fire
MPRegen 0.09/turn               (no ring)

@: no status effects
A: permanent stasis, dig shafts and tunnels, antennae 3, four strong arms
a: Dig, Shaft Self, Renounce Religion


You were on level 4 of the Dungeon.
You worshipped Vehumet.
Vehumet was aware of your devotion.
You visited 1 branch of the dungeon, and saw 4 of its levels.

You collected 178 gold pieces.

Inventory:

Hand Weapons
 a - a +0 shortbow
 b - a +4 war axe of venom (weapon)
Missiles
 n - 5 silver javelins
Armour
 c - a +0 leather armour (worn)
Jewellery
 g - a ring of protection from fire (left hand)
Wands
 p - a wand of roots (12) {@v2}
Scrolls
 e - 2 scrolls of poison
 h - a scroll of immolation
 s - a scroll of noise {unknown}
 t - a scroll of blinking {unknown}
Potions
 d - 2 potions of might {@q3}
 f - 2 potions of resistance {@q5}
 i - a potion of curing {unknown}
 k - a potion of attraction {unknown}
 l - a potion of brilliance {unknown}
 o - a potion of heal wounds {unknown}
 r - a potion of mutation {unknown}


   Skills:
 + Level 5.6 Fighting
 - Level 4.0 Ranged Weapons
 - Level 1.7 Dodging
 - Level 1.2 Stealth


You had 4 spell levels left.
You didn't know any spells.
Your spell library contained the following spells:

 Spells                   Type           Power      Damage    Failure   Level
 Foxfire                  Conj/Fire      0%         2x1d4     45%         1
 Portal Projectile        Hex/Tloc       0%         N/A       83%         3
 Tukima's Dance           Hex            0%         N/A       83%         3
 Blade Hands              Tmut           0%         N/A       100%        5


Dungeon Overview and Level Annotations

Branches:
Dungeon (4/15)             Temple (0/1) D:4

Altars:
Vehumet

Annotations:
D:4 Duvessa


Innate Abilities, Weirdness & Mutations

You cannot be hasted, slowed, berserked, paralysed or teleported.
You can dig through walls and to a lower floor.
You have a pair of large antennae on your head. (SInv)
Your four strong arms can wield two-handed weapons with a shield.


Message History

b - a +4 war axe of venom (weapon)
The jackal bites you.
You slash the jackal!
You kill the jackal!
Vehumet accepts your kill. The jackal bites you. The jackal closely misses you.
You closely miss the jackal. You hit the jackal. The jackal bites you. x3
The jackal closely misses you.
You barely miss the jackal. You hit the jackal. The jackal barely misses you.
The jackal bites you.
A gnoll comes into view. It is wielding a +0 spear. x2
The jackal closely misses you. The jackal bites you. The jackal misses you.
The gnoll moves out of view.
The gnoll shouts!
You slash the jackal!
You kill the jackal!
Vehumet accepts your kill.
You hit the jackal.
The jackal is poisoned.
You hear a shout!
The jackal bites you but does no damage.
Duvessa, Sister of Dowan comes into view.
She is wielding a +0 rapier and wearing a +1 ring mail of fire resistance.
The jackal bites you but does no damage.
Duvessa shouts!
You hit the gnoll. You barely miss the jackal.
You kill the jackal!
Vehumet accepts your kill.
The gnoll hits you with a +1 flail of protection!
The gnoll hits you with a +1 flail of protection.
Duvessa drinks a potion.
Duvessa seems to speed up.
You hit the gnoll.
The gnoll is poisoned.
The gnoll closely misses you.
You barely miss the gnoll.
The gnoll hits you from afar with a +0 spear.
The gnoll closely misses you.
The gnoll hits you from afar with a +0 spear.
* * * LOW HITPOINT WARNING * * *
The gnoll hits you with a +1 flail of protection!
* * * LOW HITPOINT WARNING * * *
You barely miss the gnoll.
The gnoll hits you from afar with a +0 spear.
You die...

.. ..##### ......
.###.....
...#..e.#####
#....gg..... ..
#......†g.# .^#
#....##†@.##..#
#...........#
#........#.##
#........#.##.
#........#....
#$....#......
#####....?#..####....
.....#####...# #...#
..........b..## #...#


You could see Duvessa (fast) and 3 gnolls.

Vanquished Creatures
  6 adders
  3 dart slugs
  A worm (D:3)
  An orc (D:3)
  5 endoplasms
  A giant cockroach (D:2)
  5 goblins
  10 hobgoblins
  4 jackals (D:4)
  4 quokkas
  6 ball pythons
  4 bats
  8 frilled lizards
  8 kobolds
  A rat (D:1)
67 creatures vanquished.

Notes
Turn   | Place    | Note
-------+----------+-------------------------------------------
     0 | D:1      | Colgate the Formicid Hunter began the quest for the Orb.
     0 | D:1      | Reached XP level 1. HP: 16/16 MP: 1/1
    90 | D:1      | Reached XP level 2. HP: 23/23 MP: 2/2
   102 | D:1      | Reached skill level 3 in Fighting
   327 | D:1      | Reached XP level 3. HP: 29/29 MP: 3/3
   758 | D:2      | Reached skill level 4 in Fighting
   950 | D:2      | Reached XP level 4. HP: 38/38 MP: 4/4
  1269 | D:3      | Reached skill level 5 in Fighting
  1475 | D:3      | Reached XP level 5. HP: 44/44 MP: 5/5
  1761 | D:3      | Found a faded altar of an unknown god.
  1800 | D:3      | Prayed at the altar of an unknown god.
  1800 | D:3      | Became a worshipper of Vehumet
  1800 | D:3      | Reached * piety under Vehumet
  1800 | D:3      | Offered knowledge of Foxfire by Vehumet.
  2024 | D:4      | Found a staircase to the Ecumenical Temple.
  2040 | D:4      | Noticed Duvessa
  2044 | D:4      | Slain by a gnoll

Illustrated notes

Levels and vault maps discovered:
D:1:      nagdon_arrival_double_spiral, layout_basic, serial_corexii_hall,
          corexii_hall_statues_x, corexii_hall_statues_l
D:2:      layout_rooms
D:3:      layout_basic, shapermc_ecumenical_altar_starsandcircs
D:4:      layout_basic, minmay_temple_entry_butterflies, uniq_duvessa, uniq_ijyb

Skill      XL: |  1  2  3  4 |
---------------+-------------+-----
Fighting       | 3 4 5 |  5.6
Ranged Weapons | |  4.0
Dodging        | |  1.7
Stealth        | |  1.2

Action                   |  1- 3 |  4- 6 || total
-------------------------+-------+-------++-------
Melee: War axe           |     2 |    37 ||    39
       Shortbow          |       |     1 ||     1
 Fire: Shortbow          |    68 |    53 ||   121
  Use: Scroll            |     1 |     6 ||     7
Armor: Leather armour    |     4 |    11 ||    15
Dodge: Dodged            |     9 |    30 ||    39
